 Dungeon Crawl Stone Soup version 0.30-a0-996-ga6910c8ee8 (webtiles) character file.

Game seed: 1550375561852099981

22253 Newt the Skirmisher (level 13, -2/70 HPs)
             Began as a Kobold Hunter on Apr 4, 2023.
             Was an Elder of Hepliaklqana.
             Slain by a boulder beetle (26 damage)
             ... on level 2 of the Lair of Beasts.
             The game lasted 00:24:26 (17405 turns).

Newt the Skirmisher (Kobold Hunter)                Turns: 17405, Time: 00:24:27

Health: -2/70      AC: 10    Str:  8    XL:     13   Next: 26%
Magic:  26/32      EV: 25    Int: 17    God:    Hepliaklqana [****..]
Gold:   1371       SH:  0    Dex: 30    Spells: 13/24 levels left

rFire   + . .      SeeInvis .    b - +3 sling (flame)
rCold   + . .      Faith    .    (no shield)
rNeg    . . .      Spirit   .    p - +2 leather armour of Yniaty {Stlth+}
rPois   .          Reflect  .    Q - +3 hat of Pondering {ponderous, Will+ MP+10 Int+5}
rElec   .          Rampage  .    h - scarf {rC+ rF+}
rCorr   .                        (no gloves)
Will    ++...                    a - +1 pair of boots
Stlth   ++++                     (no amulet)
HPRegen 0.31/turn                e - +6 ring of dexterity
MPRegen 0.23/turn                y - ring of Darkness {Will+ Dex+2}

@: slow
A: reduced essence, small, no large weapons, nightstalker 3
a: Renounce Religion, Recall Ancestor, Ancestor Identity, Transference, Idealise


You were on level 2 of the Lair of Beasts.
You worshipped Hepliaklqana.
Hepliaklqana was greatly pleased with you.
You visited 2 branches of the dungeon, and saw 14 of its levels.
You also visited: Ossuary.

You collected 2428 gold pieces.
You spent 1057 gold pieces at shops.

Inventory:

Hand Weapons
 b - a +3 sling of flaming (weapon)
 l - a +0 sling of freezing
 V - a +0 heavy arbalest
Armour
 a - a +1 pair of boots (worn)
 h - a scarf of resistance (worn)
 p - the +2 leather armour of Yniaty (worn) {Stlth+}
   (You bought it in a shop on level 3 of the Dungeon)

   Stlth:     It makes you more stealthy.
 A - a +0 pair of boots
 Q - the +3 hat of Pondering (worn) {ponderous, Will+ MP+10 Int+5}
   (You found it on level 8 of the Dungeon)

   Int:       It affects your intelligence (+5).
   MP:        It affects your magic capacity (+10).
   Will:      It increases your willpower.
 W - +0 ice dragon scales
Jewellery
 e - a +6 ring of dexterity (left hand)
 u - a ring of resist corrosion
 y - the ring of Darkness (right hand) {Will+ Dex+2}
   (You found it on level 8 of the Dungeon)

   [ring of willpower]

   Dex:       It affects your dexterity (+2).
   Will:      It increases your willpower.
 F - a ring of willpower
 R - the amulet of Elemental Vulnerability {rPois rF-- rC-- AC+8}
   (You found it on level 1 of the Lair of Beasts)

   [amulet of nothing]

   AC:        It affects your AC (+8).
   rF:        It makes you very vulnerable to fire.
   rC:        It makes you very vulnerable to cold.
   rPois:     It protects you from poison.
 U - a ring of flight
Wands
 q - a wand of paralysis (15)
 v - a wand of polymorph (15)
 G - a wand of flame (16)
 K - a wand of iceblast (11)
Scrolls
 r - a scroll of butterflies
 t - 3 scrolls of teleportation
 D - a scroll of blinking
 H - 3 scrolls of fog
 I - a scroll of amnesia
 O - 3 scrolls of fear
 P - a scroll of brand weapon
 S - a scroll of enchant armour
 Y - a scroll of magic mapping
 Z - 2 scrolls of identify
Potions
 c - 2 potions of haste
 d - 4 potions of curing
 f - 2 potions of magic
 k - 3 potions of mutation
 m - 2 potions of cancellation
 n - 3 potions of berserk rage
 o - 3 potions of ambrosia
 s - 2 potions of brilliance
 w - a potion of might
 z - 2 potions of lignification
 B - 3 potions of flight
 J - 3 potions of heal wounds
 M - a potion of resistance
 T - a potion of invisibility


   Skills:
 + Level 7.8 Fighting
 - Level 14.0 Ranged Weapons
 - Level 10.0 Dodging
 - Level 1.3 Stealth
 - Level 6.0 Spellcasting
 - Level 5.8 Hexes
 - Level 5.7 Translocations
 - Level 6.0 Fire Magic
 - Level 6.0 Ice Magic
 - Level 9.0 Invocations


You had 13 spell levels left.
You knew the following spells:

 Your Spells              Type           Power      Damage    Failure   Level
a - Frozen Ramparts       Ice            50%        1d8       4%          3
b - Ensorcelled Hibernat  Hex/Ice        50%        N/A       2%          2
c - Portal Projectile     Hex/Tloc       48%        N/A       5%          3
d - Inner Flame           Hex/Fire       25%        N/A       4%          3

Your spell library contained the following spells:

 Spells                   Type           Power      Damage    Failure   Level
 Apportation              Tloc           48%        N/A       1%          1
 Freeze                   Ice            100%       1d10      1%          1
 Ozocubu's Armour         Ice            25%        N/A       4%          3
 Tukima's Dance           Hex            24%        N/A       4%          3
 Hailstorm                Conj/Ice       15%        3d5       16%         3
 Summon Guardian Golem    Hex/Summ       15%        N/A       17%         3
 Cause Fear               Hex            12%        N/A       17%         4
 Necrotise                Necr           20%        1d5       19%         1
 Sandblast                Erth           10%        2d5       19%         1
 Summon Small Mammal      Summ           20%        N/A       19%         1
 Passage of Golubria      Tloc           24%        N/A       19%         4
 Passwall                 Tmut/Erth      4%         N/A       28%         2
 Stone Arrow              Conj/Erth      10%        3d7       50%         3
 Swiftness                Air            5%         N/A       50%         3
 Yara's Violent Unravell  Hex/Tmut       7%         3d5       83%         5
 Freezing Cloud           Conj/Ice/Air   5%         6-21      92%         5
 Blade Hands              Tmut           2%         N/A       99%         5
 Simulacrum               Ice/Necr       7%         N/A       100%        6
 Orb of Destruction       Conj           2%         9d5       100%        7
 Ozocubu's Refrigeration  Ice            12%        4d10      100%        7
 Spellforged Servitor     Conj/Summ      2%         N/A       100%        7
 Discord                  Hex            12%        N/A       100%        8
 Polar Vortex             Ice            12%        N/A       100%        9


Dungeon Overview and Level Annotations

Branches:
Dungeon (12/15)            Temple (0/1) D:7            Lair (2/5) D:11
  Snake (0/4) Lair:2          Orc (0/2) D:10        Ossuary (visited)
  Swamp: Lair:2-3    Shoals: Lair:2-3

Altars:
Cheibriados
Elyvilon
Fedhas
Hepliaklqana
Makhleb
Nemelex Xobeh
Qazlal
Ru
Sif Muna
Uskayaw
Vehumet
Xom

Shops:
D:3 *   D:7 !   D:8 :   D:11 *

Annotations:
D:4 Dowan, Duvessa


Innate Abilities, Weirdness & Mutations

Your life essence is reduced to manifest your ancestor. (-10% HP)
You are small and have problems with some larger weapons.
You are completely attuned to the shadows.


Message History

Unknown command.
No target in view!
No target in view!
No target in view!
A boulder beetle is nearby!
You magically shoot a sling bullet.
The sling bullet hits the boulder beetle but does no damage.
The boulder beetle is lightly wounded.
The boulder beetle curls into a ball and begins rolling!
You magically shoot a sling bullet.
The sling bullet hits the boulder beetle!
The sling bullet burns the boulder beetle.
The boulder beetle is moderately wounded.
You magically shoot a sling bullet.
The sling bullet hits the boulder beetle but does no damage.
The boulder beetle is moderately wounded.
Publia hits the boulder beetle with a +0 flail.
You magically shoot a sling bullet.
The sling bullet hits the boulder beetle but does no damage.
The boulder beetle is moderately wounded.
The boulder beetle hits you!!
The boulder beetle stops rolling and uncurls.
You magically shoot a sling bullet.
The sling bullet hits the boulder beetle but does no damage.
The boulder beetle is moderately wounded.
Publia hits the boulder beetle with a +0 flail.
The boulder beetle bites you!!
You are too injured to fight recklessly!
Unknown command.
The boulder beetle curls into a ball and begins rolling!
Publia hits the boulder beetle but does no damage.
Casting: Portal Projectile (dangerous; 5% risk of failure)
Confirm with . or Enter, or press ? or * to list all spells.
Aiming: Ensorcelled Hibernation (safe; 2% risk of failure)
Press: ? - help, Shift-Dir - straight line, f/p - boulder beetle
Aim: a boulder beetle (moderately wounded, rolling, ally target, chance to affect: 38%)
Okay, then.
You are no longer teleporting projectiles to their destination.
The boulder beetle hits you!!
You die...

##...##..P## ...
...............#
#...)....##.....
#........###. ..
............. .
......#..P#.. .P##
##......#...# . ..$.
#P....#.##.###.
.~.~##@.#..##.......
~.~R○B..#.....#####.
._.°.......##.#
~.~.~.##(.###.##
.~.~####..##...#
.... ##.###.## .P##
#..#P..# # #......#
. #####.P.#.#### .


You could see the friendly Publia the knight and a boulder beetle (rolling, ally
target).

Vanquished Creatures
  Fannar (Lair:2)
  An ice dragon (Lair:1)
  A hydra (Lair:1)
  A boulder beetle (D:12)
  2 death yaks (D:11)
  Amaemon (D:9)
  The ghost of Rudyous the Magician, a novice GnFE of Cheibriados (D:7)
  2 cyclopes (D:11)
  A gargoyle (D:10)
  An orange demon (D:9)
  3 cane toads
  An unseen horror (D:11)
  A polar bear (Lair:1)
  A blink frog (Lair:2)
  A wraith (D:12)
  A spriggan (Lair:1)
  3 wyverns
  A basilisk (Lair:1)
  20 yaks
  2 wargs (D:10)
  An acid dragon (D:9)
  6 water moccasins
  An ice beast (D:5)
  6 orc warriors
  3 black bears
  A sky beast (D:7)
  3 centaurs
  5 ogres
  A phantom (D:5)
  2 kobold brigands
  A bullfrog (Lair:1)
  A gnoll sergeant (D:7)
  A scorpion (D:4)
  7 wights
  2 killer bees (D:11)
  7 howler monkeys
  A centaur zombie (Ossuary)
  2 hounds
  2 jellies
  7 orc priests
  2 gnoll boudas (D:8)
  3 iguanas (D:5)
  6 orc wizards
  3 mummies (Ossuary)
  12 adders
  23 gnolls
  A shadow imp (D:7)
  A worm (D:5)
  4 dart slugs
  33 orcs
  A bat (D:1)
  8 endoplasms
  3 giant cockroaches
  14 goblins
  9 hobgoblins
  2 jackals (D:3)
  5 quokkas
  5 ball pythons
  7 frilled lizards
  3 hobgoblin zombies (Ossuary)
  10 kobolds
  9 rats
270 creatures vanquished.

Vanquished Creatures (collateral kills)
  A death yak (D:11)
  A gargoyle (D:12)
  A cane toad (Lair:2)
  4 komodo dragons
  A rime drake (Lair:2)
  A polar bear (Lair:1)
  A troll (D:12)
  2 blink frogs (Lair:2)
  A wraith (D:11)
  8 yaks
  An acid dragon (D:8)
  An ice beast (D:7)
  An orc warrior (D:10)
  A sky beast (D:7)
  An ogre (D:7)
  A phantom (D:7)
  2 kobold brigands (D:8)
  5 bullfrogs
  A gnoll sergeant (D:8)
  A wight (D:10)
  4 killer bees (D:11)
  A howler monkey (D:9)
  2 centaur zombies (Ossuary)
  A hound (D:7)
  2 orc priests
  2 gnoll boudas (D:8)
  2 orc wizards
  2 mummies (Ossuary)
  6 gnolls
  An adder (D:6)
  6 orcs
  A kobold (D:9)
  3 hobgoblin zombies (Ossuary)
69 creatures vanquished.

Vanquished Creatures (others)
  6 knights
  3 ancestors (D:6)
  5 fungi
  37 plants
51 creatures vanquished.

Grand Total: 390 creatures vanquished

Notes
Turn   | Place    | Note
-------+----------+-------------------------------------------
     0 | D:1      | Newt the Kobold Hunter began the quest for the Orb.
     0 | D:1      | Reached XP level 1. HP: 12/12 MP: 1/1
   125 | D:1      | Reached XP level 2. HP: 18/18 MP: 2/2
   443 | D:1      | Reached XP level 3. HP: 23/23 MP: 3/3
   832 | D:2      | Found a white marble altar of Elyvilon.
   862 | D:2      | Identified a scroll of acquirement
   863 | D:2      | Acquired 1140 gold pieces
  1519 | D:2      | Found a faded altar of an unknown god.
  1961 | D:3      | Reached XP level 4. HP: 29/30 MP: 4/4
  2097 | D:3      | Reached skill level 5 in Fighting
  2176 | D:3      | Reached XP level 5. HP: 11/35 MP: 5/5
  2438 | D:3      | Reached skill level 6 in Ranged Weapons
  2514 | D:3      | Found Vibul's Assorted Antiques.
  2518 | D:3      | Bought a glowing sling for 94 gold pieces
  2518 | D:3      | Bought a warped leather armour for 147 gold pieces
  2518 | D:3      | Identified the +2 leather armour of Yniaty {Stlth+} (You
                  | bought it in a shop on level 3 of the Dungeon)
  2518 | D:3      | Bought a murky white potion for 18 gold pieces
  2518 | D:3      | Bought a fizzy emerald potion for 18 gold pieces
  2518 | D:3      | Bought a fizzy yellow potion for 18 gold pieces
  2518 | D:3      | Bought 3 scrolls labelled JYTHIZ SIUWIGELU for 63 gold
                  | pieces
  2518 | D:3      | Bought a glowing emerald ring for 105 gold pieces
  2518 | D:3      | Bought a gold wand for 84 gold pieces
  2935 | D:3      | Found a sparkling altar of Nemelex Xobeh.
  2966 | D:3      | Found a burning altar of Makhleb.
  2979 | D:3      | Found a stormy altar of Qazlal.
  3066 | D:3      | Found a snail-covered altar of Cheibriados.
  3154 | D:3      | Noticed an ogre
  3190 | D:3      | Killed an ogre
  3191 | D:3      | Reached skill level 7 in Ranged Weapons
  3191 | D:3      | Reached XP level 6. HP: 12/40 MP: 6/6
  3602 | D:3      | Found a hazy altar of Hepliaklqana.
  3607 | D:3      | Became a worshipper of Hepliaklqana the Forgotten
  3806 | D:4      | Reached skill level 8 in Ranged Weapons
  3826 | D:4      | Reached XP level 7. HP: 10/44 MP: 7/7
  4441 | D:4      | Reached skill level 9 in Ranged Weapons
  4913 | D:4      | Noticed Dowan
  4915 | D:4      | Noticed Duvessa
  4927 | D:4      | HP: 2/44 [Duvessa/+0 short sword (8)]
  5342 | D:5      | Entered Level 5 of the Dungeon
  5362 | D:5      | Reached skill level 10 in Ranged Weapons
  5585 | D:5      | Reached * piety under Hepliaklqana
  5730 | D:5      | Reached XP level 8. HP: 44/44 MP: 8/8
  5841 | D:5      | Reached skill level 5 in Dodging
  6162 | D:5      | Found a sacrificial altar of Ru.
  6340 | D:6      | Reached skill level 1 in Spellcasting
  6340 | D:6      | Reached skill level 1 in Ice Magic
  6637 | D:6      | Learned a level 3 spell: Frozen Ramparts
  6640 | D:6      | Learned a level 2 spell: Ensorcelled Hibernation
  7065 | D:6      | Found a hide-covered altar of Uskayaw.
  7083 | D:6      | Reached XP level 9. HP: 41/48 MP: 14/14
  7322 | D:7      | Reached ** piety under Hepliaklqana
  7323 | D:7      | Remembered your ancestor Publia as a knight
  7385 | D:7      | Found a sand-covered staircase.
  7391 | Ossuary  | Entered an ossuary
  7639 | D:7      | Reached skill level 5 in Spellcasting
  7639 | D:7      | Reached skill level 5 in Ice Magic
  7660 | D:7      | Found a staircase to the Ecumenical Temple.
  7941 | D:7      | Found Jioqaodu's Distillery.
  7946 | D:7      | Bought a potion of curing for 42 gold pieces
  7946 | D:7      | Bought a potion of curing for 42 gold pieces
  7946 | D:7      | Bought a potion of curing for 42 gold pieces
  7946 | D:7      | Bought a potion of curing for 42 gold pieces
  8078 | D:7      | Found a transporter.
  8081 | D:7      | Noticed Rudyous's ghost (novice GnFE)
  8082 | D:7      | Found a transporter.
  8088 | D:7      | Identified the +6 great mace "Kuke" {speed, Str+6 Int+3}
  8862 | D:8      | Reached XP level 10. HP: 53/53 MP: 19/19
  9019 | D:8      | Reached skill level 11 in Ranged Weapons
  9027 | D:8      | Reached skill level 12 in Ranged Weapons
  9106 | D:8      | Reached skill level 13 in Ranged Weapons
  9359 | D:8      | Identified the ring of Darkness {Will+ Dex+2}
  9565 | D:8      | Found Lupnenn's Book Emporium.
  9571 | D:8      | Bought a book of Weapons for 308 gold pieces
  9660 | D:8      | Found the +3 hat of Pondering {ponderous, Will+ MP+10
                  | Int+5}
  9775 | D:8      | Reached skill level 14 in Ranged Weapons
  9784 | D:8      | Reached skill level 1 in Hexes
  9793 | D:8      | Reached skill level 1 in Translocations
 10048 | D:8      | Acquired 362 gold pieces
 10210 | D:7      | Killed Rudyous's ghost
 10336 | D:9      | Reached XP level 11. HP: 56/56 MP: 20/20
 10416 | D:9      | Noticed Amaemon
 10427 | D:9      | Killed Amaemon
 10487 | D:9      | Learned a level 3 spell: Portal Projectile
 10499 | D:9      | Reached *** piety under Hepliaklqana
 10760 | D:9      | Reached skill level 5 in Hexes
 10827 | D:9      | Reached skill level 5 in Translocations
 11110 | D:9      | Found a white marble altar of Elyvilon.
 11304 | D:10     | Entered Level 10 of the Dungeon
 11305 | D:10     | Reached **** piety under Hepliaklqana
 11312 | D:10     | Found a radiant altar of Vehumet.
 11882 | D:10     | Found a staircase to the Orcish Mines.
 12299 | D:10     | Found a shimmering blue altar of Sif Muna.
 12299 | D:10     | Found a blossoming altar of Fedhas.
 12380 | D:10     | Found a shimmering altar of Xom.
 13128 | D:11     | Identified the +7 flail of the Old World {freeze, Dex+7}
 13188 | D:11     | Noticed a cyclops
 13196 | D:11     | Killed a cyclops
 13259 | D:11     | Noticed a cyclops
 13266 | D:11     | Killed a cyclops
 13267 | D:11     | Reached skill level 10 in Dodging
 13267 | D:11     | Reached XP level 12. HP: 61/61 MP: 21/21
 13387 | D:11     | Found Feorif's General Store.
 13393 | D:11     | Bought a scroll of identify for 34 gold pieces
 13395 | D:11     | Acquired a book of Hexes
 13401 | D:11     | Learned a level 3 spell: Inner Flame
 13693 | D:11     | Found a staircase to the Lair.
 14195 | Lair:1   | Entered Level 1 of the Lair of Beasts
 14195 | Lair:1   | Found the amulet of Elemental Vulnerability {rPois rF--
                  | rC-- AC+8}
 14199 | Lair:1   | Noticed a death yak
 14200 | Lair:1   | Noticed a death yak
 14202 | Lair:1   | Reached skill level 5 in Invocations
 14216 | D:11     | Killed a death yak
 14292 | Lair:1   | Noticed a death yak
 14292 | Lair:1   | Noticed a death yak
 14293 | Lair:1   | Noticed a death yak
 14305 | D:11     | Killed a death yak
 14389 | D:11     | Killed a death yak
 15020 | D:12     | Reached ***** piety under Hepliaklqana
 15100 | D:12     | Noticed a boulder beetle
 15143 | D:12     | Killed a boulder beetle
 15363 | Lair:1   | Reached skill level 1 in Fire Magic
 15462 | Lair:1   | Noticed an ice dragon
 15478 | Lair:1   | Killed an ice dragon
 15602 | Lair:1   | Identified the +9 spear of Xom's Esteem {freeze, rPois rC+}
 15604 | Lair:1   | Identified the +4 hand axe of the Spider {freeze, Contam
                  | rElec rC+++ rN+}
 16287 | Lair:1   | Noticed a five-headed hydra
 16294 | Lair:1   | Reached skill level 5 in Fire Magic
 16300 | Lair:1   | Killed a five-headed hydra
 16301 | Lair:1   | Reached XP level 13. HP: 42/64 MP: 10/22
 16798 | Lair:2   | Noticed Fannar
 16815 | Lair:2   | Killed Fannar
 16871 | Lair:2   | Identified the +4 rapier "Xeazaopt" {elec, Int+6}
 16911 | Lair:2   | Found a staircase to the Snake Pit.
 17393 | Lair:2   | Found a hide-covered altar of Uskayaw.
 17405 | Lair:2   | Slain by a boulder beetle

Illustrated notes

Levels and vault maps discovered:
D:1:      scummos_arrival_hexagon, layout_loops_ring, hangedman_decor_growths
D:2:      layout_basic, basic_altar, nicolae_ecumenical_lake_church
D:3:      minmay_inner_zag, layout_basic, nicolae_overflow_hidden_temple,
          nicolae_overflow_quartered_altars, serial_shops, shop,
          supply_closet_lemuel, grunt_ministairs_12
D:4:      minmay_diamond_boxcup, layout_loops_ring, uniq_duvessa
D:5:      nicolae_cairo_tiling_large, layout_cave_pods,
          nicolae_ru_the_path_less_chosen
D:6:      layout_layer_cave, lemuel_crystal_altar, grunt_ministairs_13,
          minmay_misc_feat_rugged
D:7:      layout_loops_ring, minmay_temple_entry_purple_smoke,
          nicolae_ossuary_entry_ruins, gammafunk_ghost_smash, serial_shops,
          shop_fountains, kennysheep_generic_room_10
D:8:      kennysheep_seaside_town, layout_gridville, serial_shops, shop,
          minmay_stone_trees_large
D:9:      layout_stronghold, mainiacjoe_overflow_paths, uniq_amaemon
D:10:     layout_irregular_city, vehumet_crystals,
          nicolae_overflow_two_pavilions, overflow_temple_1_default, erik_orc_3
D:11:     layout_irregular_city, david_lair_shrubbed, serial_shops,
          nicolae_shop_advertising_works [nicolae_subvault_shop_adworks]
D:12:     layout_roguey, minivault_5, uniq_psyche
Lair:1:   dragon1_lemuel, layout_regular_city, grunt_forest_large_clearing_hut,
          grunt_megastairs_5
Lair:2:   layout_loops_ring, dummy_snake_entry, nzn_masters_of_martial_movement,
          infiniplex_staircase_pool_2, uniq_fannar

Skill      XL: |  1  2  3  4  5  6  7  8  9 10 11 12 13 |
---------------+----------------------------------------+-----
Fighting       | 3 4 5 7 |  7.8
Ranged Weapons | 7 8 10 14 | 14.0
Dodging        | 4 6 10 | 10.0
Spellcasting   | 3 6 |  6.0
Ice Magic      | 3 6 |  6.0
Hexes          | 3 5 |  5.8
Translocations | 3 5 |  5.7
Invocations    | 2 9 |  9.0
Fire Magic     | 5 6 |  6.0
Stealth        | |  1.3

Action                     |  1- 3 |  4- 6 |  7- 9 | 10-12 | 13-15 || total
---------------------------+-------+-------+-------+-------+-------++-------
   Fire: Shortbow          |    44 |       |       |       |       ||    44
         Sling             |    28 |   108 |   360 |   658 |    78 ||  1232
   Cast: Ensorcelled Hiber |       |       |     1 |       |       ||     1
         Frozen Ramparts   |       |       |       |    10 |       ||    10
         Portal Projectile |       |       |       |    33 |     7 ||    40
         Inner Flame       |       |       |       |     6 |       ||     6
 Invoke: Ancestor Life: Kn |       |       |     1 |       |       ||     1
         Recall Ancestor   |       |       |       |     1 |       ||     1
         Idealise          |       |       |       |     2 |       ||     2
         Transference      |       |       |       |     1 |       ||     1
  Evoke: Wand              |       |       |       |     5 |       ||     5
    Use: Scroll            |     5 |     3 |    11 |    13 |     2 ||    34
         Potion            |       |     1 |    11 |     8 |       ||    20
 Armour: Leather armour    |     2 |     6 |    27 |    31 |     2 ||    68
  Dodge: Dodged            |    24 |    54 |   160 |   205 |    18 ||   461

Table legend: (Time is in decaauts)
 A = Elapsed time spent in this place.
 B = Non-inter-level travel time spent in this place.
 C = Inter-level travel time spent in this place.
 D = Time resting spent in this place.
 E = Time spent auto-exploring this place.
 F = Levels seen in this place.
 G = Mean time per level.
                   A        B        C        D        E       F      G
               +--------+--------+--------+--------+--------+-----+--------+
         Total |  17662 |  16933 |    729 |   3072 |  11763 |  15 | 1177.5 |
       Dungeon |  15299 |  14646 |    653 |   2887 |   9971 |  12 | 1274.9 |
          Lair |   2190 |   2115 |     75 |    185 |   1674 |   2 | 1095.0 |
       Ossuary |    172 |    172 |      0 |      0 |    117 |   1 |  172.0 |
               +--------+--------+--------+--------+--------+-----+--------+

Top non-repeatable levels by time:
    D:11: 1970 daAuts
     D:3: 1836 daAuts
    D:10: 1651 daAuts
     D:4: 1639 daAuts
  Lair:1: 1552 daAuts
     D:7: 1494 daAuts
     D:8: 1358 daAuts
     D:2: 1064 daAuts
     D:9: 1037 daAuts
     D:6: 1008 daAuts
     D:5: 922 daAuts
     D:1: 835 daAuts
  Lair:2: 638 daAuts
    D:12: 480 daAuts
 Ossuary: 172 daAuts
